 Dungeon Crawl Stone Soup version 0.23.2-40-g277498a001 (webtiles) character file.

Game seed: 13429272691561538397

12058 KamiKatze the Cleaver (level 11, -3/148 HPs)
             Began as a Yellow Draconian Berserker on Oct 6, 2019.
             Was a High Priest of Trog.
             Slain by a white ugly thing (27 damage)
             ... on level 11 of the Dungeon.
             The game lasted 00:44:58 (11946 turns).

KamiKatze the Cleaver (Yellow Draconian Berserker) Turns: 11946, Time: 00:44:59

Health: -3/148     AC:  9    Str: 27    XL:     11   Next: 57%
Magic:  0/12       EV: 16    Int:  7    God:    Trog [*****.]
Gold:   292        SH:  0    Dex: 12    Spells: 10/10 levels left

rFire    . . .     SeeInvis .   g - +2 broad axe (venom)
rCold    . . .     Gourm    .   (no shield)
rNeg     . . .     Faith    .   (armour unavailable)
rPois    .         Spirit   +   (helmet restricted)
rElec    .         Reflect  .   O - +0 cloak {MR+}
rCorr    +         Harm     .   i - +0 pair of gloves
MR       +....                  (no boots)
Stlth    ..........             G - amulet of guardian spirit
HPRegen  0.34/turn              (no ring)
MPRegen  0.13/turn              (no ring)

@: berserking, very quick
A: spit acid, unfitting armour, cold-blooded, acid resistance, AC +7
a: Breathe Acid, Berserk, Trog's Hand, Brothers in Arms, Renounce Religion


You were on level 11 of the Dungeon.
You worshipped Trog.
Trog was extremely pleased with you.
You were very hungry.

You visited 1 branch of the dungeon, and saw 11 of its levels.

You collected 554 gold pieces.
You spent 262 gold pieces at shops.

Inventory:

Hand Weapons
 a - a +5 war axe
 g - a +2 broad axe of venom (weapon)
 p - a +0 morningstar
 q - a +0 whip of electrocution
 B - a +1 antimagic flail
 M - a +1 flail of draining
 R - a +1 hand axe
Missiles
 k - 315 stones (quivered)
 l - 8 tomahawks
 H - 4 needles of confusion
 I - 31 poisoned needles
 P - 2 throwing nets
Armour
 i - a +0 pair of gloves (worn)
 E - a +2 shield
 O - a +0 cloak of magic resistance (worn)
Jewellery
 G - an amulet of guardian spirit (around neck)
Wands
 d - a wand of digging (5)
 o - a wand of clouds (15)
 s - a wand of acid (14)
 y - a wand of flame (13)
 D - a wand of disintegration (13)
 J - a wand of polymorph (9)
 L - a wand of enslavement (7)
 N - a wand of paralysis (12)
Scrolls
 c - 2 scrolls of enchant weapon
 h - 4 scrolls of magic mapping
 t - 4 scrolls of blinking
 C - 3 scrolls of teleportation
Potions
 e - 2 potions of invisibility
 j - 2 potions of haste
 m - 5 potions of heal wounds
 n - 2 potions of brilliance
 r - 3 potions of flight
 v - a potion of ambrosia
 w - 2 potions of curing
 x - a potion of cancellation
 z - 3 potions of lignification
 A - 2 potions of mutation {unknown}
 F - a potion of agility {unknown}
 K - a potion of resistance {unknown}
 S - a potion of magic {unknown}
Miscellaneous
 Q - a fan of gales
Comestibles
 b - 15 rations
 f - 7 chunks of flesh


   Skills:
 + Level 9.9 Fighting
 * Level 12.2 Axes
 + Level 8.3 Dodging
 + Level 7.0 Shields
 - Level 2.4 Evocations


You had 10 spell levels left.
You didn't know any spells.
Your spell library was empty.

Dungeon Overview and Level Annotations

Branches:
Dungeon (11/15)            Temple (0/1) D:4            Lair (0/6) D:9
    Orc (0/2) D:9

Altars:
Elyvilon
Fedhas
Kikubaaqudgha
Makhleb
Nemelex Xobeh
Qazlal
Sif Muna
Yredelemnul
Zin
Beogh

Shops:
D:4 !   D:9 (   D:10 (!!=[

Annotations:
D:11 1 runed translucent door


Innate Abilities, Weirdness & Mutations

You can spit globs of acid.
Your golden yellow scales are hard. (AC +7)
You cannot fit into any form of body armour.
You are cold-blooded and may be slowed by cold attacks.
You are resistant to acid. (rCorr)


Message History

* * * LOW HITPOINT WARNING * * *
The vampire mosquito draws strength from your injuries!
The white ugly thing bites you.
* * * LOW HITPOINT WARNING * * *
The white ugly thing freezes you!
* * * LOW HITPOINT WARNING * * *
You slice the white ugly thing!!
The white ugly thing looks as sick as possible!
Your tail-slap misses the white ugly thing.
The white ugly thing is almost dead.
You closely miss the vampire mosquito.
The vampire mosquito bites you but does no damage.
You closely miss the white ugly thing.
The white ugly thing is almost dead.
You slice the vampire mosquito!!
The vampire mosquito closely misses you.
The white ugly thing bites you!
* * * LOW HITPOINT WARNING * * *
The white ugly thing freezes you!!
You die...

.###### ###......#
#############......... ###
#.......>..##......... ....
#..........##.[.......
..§.###
#..........##<........
...§y.#
#.............).......
...§#.#
#.....y.....#......... ...
#.####.....u@....#.........
..
#..........†....##.........
.
######..........##.........
##.#############+##### #.#
#.. #######.## #........#
.........#


You could see a white ugly thing and a vampire mosquito.

Vanquished Creatures
  3 death yaks
  An unseen horror (D:10)
  Pikel (D:4)
  Joseph (D:9)
  A centaur zombie (D:11)
  A gargoyle (D:9)
  A merfolk (D:10)
  2 trolls
  Grinder (D:5)
  A hippogriff (D:8)
  11 yaks
  Eustachio (D:4)
  A wraith (D:9)
  2 vampire mosquitoes (D:11)
  A hungry ghost (D:8)
  Menkaure (D:4)
  Edmund (D:4)
  A water moccasin (D:10)
  A porcupine (D:9)
  3 slaves
  A sky beast (D:6)
  7 orc warriors
  A black bear (D:9)
  3 phantoms
  5 ogres
  4 centaurs
  A crocodile (D:9)
  A big kobold (D:8)
  4 bullfrogs
  2 scorpions
  15 killer bees
  3 howler monkeys (D:9)
  2 crimson imps (D:9)
  6 jellies
  2 hounds (D:10)
  6 orc wizards
  2 quasits
  Crazy Yiuf (D:3)
  13 orc priests
  Jessica (D:2)
  2 iguanas
  4 worker ants
  3 hell rats (D:9)
  2 howler monkey zombies
  A worker ant zombie (D:9)
  A howler monkey skeleton (D:7)
  4 gnolls
  A river rat (D:9)
  15 adders
  2 shadow imps (D:5)
  An adder skeleton (D:4)
  A dart slug (D:1)
  3 leopard geckos
  51 orcs
  4 giant cockroaches
  6 goblins
  10 hobgoblins
  7 jackals
  4 kobolds
  8 quokkas
  3 ball pythons (D:2)
  7 bats
  5 frilled lizards
  A jackal skeleton (D:6)
  A leopard gecko skeleton (D:4)
  A quokka zombie (D:6)
  8 rats
272 creatures vanquished.

Vanquished Creatures (others)
  A worker ant (D:4)
  A leopard gecko (D:4)
  3 orcs (D:4)
  A frilled lizard (D:4)
6 creatures vanquished.

Grand Total: 278 creatures vanquished

Notes
Turn   | Place    | Note
-------+----------+-------------------------------------------
     0 | D:1      | KamiKatze the Draconian Berserker began the quest for the
                  | Orb.
     0 | D:1      | Reached XP level 1. HP: 19/19 MP: 1/1
   154 | D:1      | Reached XP level 2. HP: 14/26 MP: 2/2
   605 | D:2      | Reached XP level 3. HP: 29/33 MP: 3/3
   653 | D:2      | Reached ** piety under Trog
   902 | D:2      | Found a white marble altar of Elyvilon.
   902 | D:2      | Found an ancient bone altar of Kikubaaqudgha.
   908 | D:2      | Found a faded altar of an unknown god.
   911 | D:2      | Found a stormy altar of Qazlal.
   912 | D:2      | Found a faded altar of an unknown god.
   982 | D:2      | Noticed Jessica
   994 | D:2      | Reached skill level 4 in Axes
  1001 | D:2      | Killed Jessica
  1001 | D:2      | Reached XP level 4. HP: 12/40 MP: 4/4
  1455 | D:3      | Found a runed translucent door.
  1456 | D:3      | Noticed Crazy Yiuf
  1466 | D:3      | Killed Crazy Yiuf
  1658 | D:4      | Found a staircase to the Ecumenical Temple.
  1658 | D:4      | Noticed a slave
  1658 | D:4      | Noticed a slave
  1661 | D:4      | Noticed a slave
  1662 | D:4      | Noticed a slave
  1663 | D:4      | Noticed Pikel
  1833 | D:4      | Reached XP level 5. HP: 46/46 MP: 5/5
  1979 | D:3      | Killed a slave
  2057 | D:3      | Killed a slave
  2276 | D:4      | Killed a slave
  2278 | D:4      | Killed Pikel
  2278 | D:4      | Reached skill level 5 in Fighting
  2278 | D:4      | Reached skill level 6 in Axes
  2278 | D:4      | Reached XP level 6. HP: 56/56 MP: 5/7
  2278 | D:4      | Your scales start taking on a golden yellow colour.
  2278 | D:4      | Reached XP level 7. HP: 61/61 MP: 5/8
  2278 | D:4      | Gained mutation: You are resistant to acid. (rCorr) [Yellow
                  | Draconian growth]
  2483 | D:4      | Noticed Eustachio
  2507 | D:4      | Killed Eustachio
  2672 | D:4      | Noticed Menkaure
  2684 | D:4      | Killed Menkaure
  2684 | D:4      | Reached skill level 7 in Axes
  2684 | D:4      | Reached XP level 8. HP: 39/70 MP: 9/9
  2701 | D:4      | Reached *** piety under Trog
  2735 | D:4      | Found Loif Cao's Distillery.
  2742 | D:4      | Bought a potion of lignification for 33 gold pieces
  2742 | D:4      | Bought a potion of curing for 33 gold pieces
  2819 | D:4      | Noticed Edmund
  2850 | D:4      | Killed Edmund
  2850 | D:4      | Reached skill level 5 in Dodging
  3282 | D:5      | Entered Level 5 of the Dungeon
  3370 | D:5      | Found a sparkling altar of Nemelex Xobeh.
  3554 | D:5      | Found a blossoming altar of Fedhas.
  3554 | D:5      | Found a deep blue altar of Sif Muna.
  3555 | D:5      | Found a basalt altar of Yredelemnul.
  3571 | D:5      | Noticed Grinder
  3596 | D:5      | Killed Grinder
  3596 | D:5      | Reached skill level 1 in Shields
  3831 | D:5      | Reached skill level 8 in Axes
  5152 | D:7      | Reached XP level 9. HP: 19/78 MP: 10/10
  5518 | D:7      | Found a burning altar of Makhleb.
  5520 | D:7      | Found a glowing silver altar of Zin.
  5521 | D:7      | Noticed a cacodemon
  5521 | D:7      | Noticed an angel
  6644 | D:8      | Reached skill level 9 in Axes
  7943 | D:8      | Reached **** piety under Trog
  8165 | D:9      | Reached skill level 10 in Axes
  8165 | D:9      | Reached XP level 10. HP: 78/88 MP: 7/11
  8378 | D:9      | Noticed a death yak
  8434 | D:9      | Noticed a death yak
  8472 | D:9      | Killed a death yak
  8603 | D:9      | Reached skill level 5 in Shields
  8815 | D:9      | Found a staircase to the Lair.
  8826 | D:9      | Noticed a death yak
  8949 | D:9      | Identified a scroll of acquirement
  9004 | D:9      | Found Anumem's Antique Weapon Emporium.
  9080 | D:9      | Noticed Joseph
  9093 | D:9      | Killed Joseph
  9353 | D:9      | Found a staircase to the Orcish Mines.
  9358 | D:9      | Found a roughly hewn altar of Beogh.
  9464 | D:8      | Killed a death yak
  9464 | D:8      | Reached skill level 11 in Axes
  9560 | D:8      | Killed a death yak
  9747 | D:10     | Entered Level 10 of the Dungeon
  9749 | D:10     | Noticed a gargoyle
  9758 | D:9      | Killed a gargoyle
  9758 | D:9      | Reached XP level 11. HP: 52/97 MP: 5/12
  9925 | D:10     | Reached ***** piety under Trog
 10127 | D:10     | Got a faintly glowing battleaxe
 10128 | D:10     | Identified the cursed +1 battleaxe "Grim" {chop, rF+ rN+
                  | MR+ Str-3} (You found it on level 10 of the Dungeon)
 10138 | D:10     | Found Ohufohut's Antique Weapon Shoppe.
 10144 | D:10     | Bought a glowing broad axe for 196 gold pieces
 10213 | D:10     | Found Yrollimi's Distillery.
 10773 | D:10     | Found Lodd's Armour Shop.
 10837 | D:10     | Killed an unseen horror
 10837 | D:10     | Reached skill level 12 in Axes
 10885 | D:10     | Found Qeumuem's Distillery.
 11364 | D:10     | Found Onoy's Jewellery Emporium.
 11846 | D:11     | Found a runed translucent door.
 11925 | D:11     | Noticed a white ugly thing
 11946 | D:11     | Slain by a white ugly thing

Skill      XL: |  1  2  3  4  5  6  7  8  9 10 11 |
---------------+----------------------------------+-----
Dodging        | 3 4 5 6 7 8 |  8.3
Axes           | 4 6 7 8 10 11 12 | 12.2
Fighting       | 4 5 6 8 9 |  9.9
Evocations     | 2 |  2.4
Shields        | 2 4 6 7 |  7.0

Action                   |  1- 3 |  4- 6 |  7- 9 | 10-12 || total
-------------------------+-------+-------+-------+-------++-------
Melee: Hand axe          |   115 |    94 |   511 |    50 ||   770
       Tailslap          |    12 |    11 |    67 |    44 ||   134
       War axe           |       |       |       |   169 ||   169
       Broad axe         |       |       |       |   132 ||   132
Throw: Stone             |       |     2 |    26 |     1 ||    29
Invok: Berserk           |     1 |     5 |     7 |     9 ||    22
       Trog's Hand       |       |     2 |     4 |     1 ||     7
 Abil: Breathe Acid      |       |       |     3 |     4 ||     7
  Use: Scroll            |       |     6 |    14 |     4 ||    24
       Potion            |       |       |     1 |       ||     1
 Stab: Sleeping          |       |     1 |     1 |       ||     2
       Distracted        |       |       |       |     1 ||     1
  Eat: Chunk             |       |     9 |    13 |    20 ||    42
       Ration            |       |       |     5 |       ||     5
Armor: Skin              |    45 |    35 |   174 |    72 ||   326
Dodge: Dodged            |    92 |    72 |   404 |   256 ||   824
